 Dungeon Crawl Stone Soup version 0.26.1-11-gd32895ea62 (webtiles) character file.

Game seed: 1309597638238521841

100 ubername the Cutter (level 4, -1/37 HPs)
             Began as a Merfolk Berserker on May 25, 2021.
             Was a Believer of Trog.
             Slain by a worm (4 damage)
             ... on level 2 of the Dungeon.
             The game lasted 00:03:13 (2637 turns).

ubername the Cutter (Merfolk Berserker)             Turns: 2637, Time: 00:03:14

Health: -1/37      AC:  3    Str: 17    XL:     4   Next: 74%
Magic:  4/4        EV: 13    Int:  7    God:    Trog [**....]
Gold:   104        SH:  0    Dex: 13    Spells: 3/3 levels left

rFire    . . .     SeeInvis .   a - +0 short sword
rCold    . . .     Faith    .   (no shield)
rNeg     . . .     Spirit   .   b - +0 animal skin
rPois    .         Reflect  .   k - +0 helmet
rElec    .         Harm     .   (no cloak)
rCorr    .         Rampage  .   (no gloves)
Will     .....                  (no boots)
Stlth    ++........             (no amulet)
HPRegen  0.12/turn              (no ring)
MPRegen  0.09/turn              (no ring)

@: no status effects
A: change form in water, swift swim, stealthy swim
a: Renounce Religion, Berserk, Trog's Hand


You were on level 2 of the Dungeon.
You worshipped Trog.
Trog was pleased with you.
You visited 1 branch of the dungeon, and saw 2 of its levels.

You collected 104 gold pieces.

Inventory:

Hand Weapons
 a - a +0 short sword (weapon)
Missiles
 g - 15 poisoned darts (quivered)
Armour
 b - a +0 animal skin (worn)
 k - a +0 helmet (worn)
 n - a +0 leather armour
 s - a +1 chain mail of cold resistance
Jewellery
 e - an uncursed ring of resist corrosion {unknown}
Scrolls
 d - 2 scrolls of remove curse {unknown}
 h - a scroll of magic mapping {unknown}
 i - 3 scrolls of enchant weapon {unknown}
 l - 2 scrolls of identify {unknown}
 o - 2 scrolls of teleportation {unknown}
 p - a scroll of blinking {unknown}
 r - a scroll of immolation {unknown}
Potions
 c - 3 potions of magic {unknown}
 f - a potion of cancellation {unknown}
 j - a potion of might {unknown}
 m - a potion of invisibility {unknown}
 q - a potion of attraction {unknown}


   Skills:
 + Level 4.0 Fighting
 + Level 5.4 Short Blades
 + Level 1.4 Armour
 + Level 3.1 Dodging
 + Level 1.0 Stealth


You had 3 spell levels left.
You didn't know any spells.
Your spell library was empty.

Dungeon Overview and Level Annotations

Branches:
Dungeon (2/15)

Altars:
Nemelex Xobeh


Message History

The worm is moderately wounded.
You hit the worm.
The worm is moderately wounded.
The worm bites you!
You puncture the worm!
The worm is severely wounded.
You hit the worm.
The worm is severely wounded.
The worm bites you.
* * * LOW HITPOINT WARNING * * *
You hit the worm but do no damage.
The worm is severely wounded.
You hit the worm.
The worm is almost dead.
The worm bites you!
* * * LOW HITPOINT WARNING * * *
You barely miss the worm.
The worm is almost dead.
The worm bites you.
You die...

.................###.####.....##.
#.###.......#####.##....<.....#..
.<.........##...##.#..###.....##(
........##)#.....#.#..###.....###
..###...#..#.....#.....##........
#..........#.)...#.###...........
#.......##.##...'###!##..._...#..
.....#......#'###††$(.#.#######..
###.#_#.......##@###$##.##.# #.#
#..#.......##w.#####..##.####.#
##.....##...#?...#.............#
##...........#....#...####.......
#............##..##...####.###...
......#..#....####.........# #..#
##.......#.........#######.###..#
##..#.#.......##.### #.......
##............##.## #####.....##


You could see a worm.

Vanquished Creatures
  3 adders (D:2)
  6 worms (D:2)
  A dart slug (D:2)
  3 leopard geckos
  4 giant cockroaches
  8 goblins
  6 hobgoblins
  A quokka (D:2)
  6 bats
  4 frilled lizards
  7 kobolds
  4 rats
53 creatures vanquished.

Notes
Turn   | Place    | Note
-------+----------+-------------------------------------------
     0 | D:1      | ubername the Merfolk Berserker began the quest for the Orb.
     0 | D:1      | Reached XP level 1. HP: 18/18 MP: 1/1
   135 | D:1      | Reached skill level 4 in Short Blades
   284 | D:1      | Reached XP level 2. HP: 24/24 MP: 2/2
   817 | D:1      | Reached XP level 3. HP: 30/30 MP: 3/3
  1256 | D:2      | Found a sparkling altar of Nemelex Xobeh.
  1407 | D:2      | Reached ** piety under Trog
  1819 | D:2      | Reached skill level 5 in Short Blades
  1892 | D:2      | Reached XP level 4. HP: 25/37 MP: 4/4
  2017 | D:2      | Found a faded altar of an unknown god.
  2598 | D:2      | Reached skill level 1 in Stealth
  2637 | D:2      | Slain by a worm

Illustrated notes

Levels and vault maps discovered:
D:1:      dpeg_arrival_three_same_balls, layout_basic
D:2:      layout_basic, overflow_temple_1_default, okawaru_altar_gauntlet_db,
          nicolae_overflow_crystal_walls, chequers_ecumenical_altar_simple,
          grunt_ministairs_15, minmay_misc_feat_four_crosses,
          minmay_joined_circles

Skill      XL: |  1  2  3  4 |
---------------+-------------+-----
Short Blades   | 4 5 |  5.4
Fighting       | 4 |  4.0
Dodging        | 3 |  3.1
Stealth        | 1 |  1.0
Armour         | |  1.4

Action                   |  1- 3 |  4- 6 || total
-------------------------+-------+-------++-------
Melee: Short sword       |   131 |    94 ||   225
 Stab: Sleeping          |     3 |       ||     3
Armor: Animal skin       |    26 |     5 ||    31
Dodge: Dodged            |    78 |    38 ||   116
